 Seeded DCSS version 0.31-a0-360-gb3e1d13bf4 (webtiles) character file.

Game seed: 13532415758814214178 (custom seed)

3011 innerfire43 the Changeling (level 9, -7/66 (68) HPs)
             Began as a Demonspawn Monk on July 25, 2023.
             Was an Elder of Cheibriados.
             Killed by an exploding gnoll (8 damage)
             ... ignited by their inner flame
             ... on level 8 of the Dungeon on July 26, 2023.
             The game lasted 00:15:20 (6850 turns).

innerfire43 the Changeling (Demonspawn Monk)        Turns: 6850, Time: 00:15:20

HP:   -7/66 (68)    AC:  6    Str: 25    XL:     9   Next: 55%
MP:   7/9           EV: 13    Int: 21    God:    Cheibriados [****..]
Gold: 404           SH:  6    Dex: 27    Spells: 6/8 levels left

rFire   + + +        r - +5 trident "Spiderbane" {protect, rF+}
rCold   + . .        (no shield)
rNeg    . . .        n - +1 ring mail {rF+}
rPois   +            (helmet currently unavailable)
rElec   +            (cloak currently unavailable)
rCorr   +            (gloves currently unavailable)
SInv    .            (boots currently unavailable)
Will    .....        (no amulet)
Stlth   +            t - ring of wizardry
HPRegen 0.31/turn    (no ring)
MPRegen 0.11/turn

%: wizardry (x1)
@: mighty, beast-form, resistant, lightly drained, very slow
A: beast (slay +5), hooves 1, large bone plates 2, foul stench 2
a: Begin Untransformation, Renounce Religion, Bend Time, Temporal Distortion,
Slouch


You were on level 8 of the Dungeon.
You worshipped Cheibriados.
Cheibriados was greatly pleased with you.
You were a hulking beast.
You visited 2 branches of the dungeon, and saw 9 of its levels.

You collected 591 gold pieces.
You spent 187 gold pieces at shops.

Inventory:

Hand Weapons
 a - a +0 spear
 r - the +5 trident "Spiderbane" (weapon) {protect, rF+}
   (You bought it in a shop on level 3 of the Dungeon)

   rF:        It protects you from fire.
 v - the +4 whip "Giant's Toothpick" {heavy, Str+3}
   (You found it on level 6 of the Dungeon)

   Str:       It affects your strength (+3).
Missiles
 l - a throwing net
Armour
 b - a +1 robe
 d - an orb of light
 n - a +1 ring mail of fire resistance (worn)
Jewellery
 t - a ring of wizardry (left hand)
Talismans
 c - a serpent talisman
 i - a blade talisman
 k - a beast talisman
Wands
 g - a wand of flame (44)
 h - a wand of iceblast (12)
 j - a wand of light (23)
 z - a wand of polymorph (7)
Scrolls
 e - a scroll of noise
 f - a scroll of amnesia {unknown}
 u - a scroll of revelation {unknown}
 w - a scroll of acquirement {unknown}
 y - a scroll of identify
Potions
 m - a potion of might
 o - a potion of mutation {unknown}
 q - a potion of invisibility {unknown}
 s - 4 potions of brilliance


   Skills:
 + Level 5.1 Fighting
 + Level 5.0 Polearms
 - Level 3.1 Dodging
 + Level 5.9 Unarmed Combat
 * Level 7.2 Shapeshifting


You had 6 spell levels left.
You knew the following spells:

 Your Spells              Type           Power      Damage    Failure   Level
a - Blink                 Tloc           0%         N/A       16%         2

Your spell library contained the following spells:

 Spells                   Type           Power      Damage    Failure   Level
 Cigotuvi's Dreadful Rot  Necr/Pois/Air  0%         N/A       16%         2
 Ensorcelled Hibernation  Hex/Ice        0%         N/A       16%         2
 Lesser Beckoning         Tloc           0%         N/A       16%         2
 Momentum Strike          Conj/Tloc      0%         3d8       16%         2
 Scorch                   Fire           0%         2d5       16%         2
 Ignite Poison            Fire/Tmut/Pois 0%         N/A       32%         3
 Anguish                  Hex/Necr       0%         N/A       69%         4
 Flame Wave               Conj/Fire      0%         2d4       69%         4
 Manifold Assault         Tloc           0%         N/A       69%         4
 Freezing Cloud           Conj/Ice/Air   0%         6-21      95%         5
 Summon Cactus Giant      Summ           0%         N/A       100%        6


Dungeon Overview and Level Annotations

Branches:
Dungeon (8/15)             Temple (1/1) D:4
   Lair: D:8-11

Altars:
Ashenzari
Cheibriados
Fedhas
Gozag
Hepliaklqana
Kikubaaqudgha
Makhleb
Nemelex Xobeh
Okawaru
Qazlal
Sif Muna
Trog
Vehumet
Wu Jian
Xom
Yredelemnul

Shops:
D:3 (


Innate Abilities, Weirdness & Mutations

You are a hulking beast.
Your limbs bulge with bestial killing power. (Slay +5)
You have large cloven feet.
You are mostly covered in large bone plates. (SH +6)
You sometimes emit foul miasma when damaged in melee.


Message History

The gnoll explodes!
The fiery explosion engulfs something!!
Cheibriados appreciates the change of pace.
Reactivating autopickup.
You feel a bit more experienced.
The fiery explosion engulfs the warg!!
Flame seeps out of the warg.
The warg is severely wounded.
Cheibriados appreciates the change of pace.
You feel a bit more experienced.
You hear an explosion!
The orc wizard explodes!
The fiery explosion engulfs the gnoll!!!
Cheibriados appreciates the change of pace.
The fiery explosion engulfs the warg!!
Flame seeps out of the warg.
The warg is almost dead.
The fiery explosion engulfs the gnoll bouda!!
Cheibriados thoroughly appreciates the change of pace.
The fiery explosion engulfs the warg!!
Cheibriados appreciates the change of pace.
The warg explodes!
The fiery explosion engulfs the warg!!
Cheibriados thoroughly appreciates the change of pace.
The warg explodes!
The fiery explosion engulfs the orc!!
Cheibriados appreciates the change of pace.
The fiery explosion engulfs you. You resist.
* * * LOW HITPOINT WARNING * * *
The orc explodes!
The fiery explosion engulfs the centaur!!!
Cheibriados thoroughly appreciates the change of pace.
The fiery explosion engulfs the gnoll!!
Cheibriados thoroughly appreciates the change of pace.
The gnoll explodes!
The centaur explodes!
The fiery explosion engulfs the gnoll!!!
Cheibriados appreciates the change of pace.
The fiery explosion engulfs you. You resist.
* * * LOW HITPOINT WARNING * * *
The gnoll explodes!
The fiery explosion engulfs you! You resist.
You die...

#.....#####.. .#
...........>.#######'##
#.....#####.#z........#
#.....# #.#....)...# .
#.....# #.#.z§§)...# .D.
#.....#####.#..§§§§§.#....
+.....'.......§§§§§§§§.o..
#.....#####.#.§§§§§§..ho..
####### #...§§h####.....
#.#.§§§# .... ...#....# .
. ....#....# ....#....#
...#..... #..... #....#


You could see 2 wights.

Vanquished Creatures
  Sigmund (D:5)
  2 steam dragons
  2 wargs (D:8)
  3 water moccasins
  Duvessa (D:4)
  2 ice beasts
  An orc warrior (D:6)
  A black bear (D:5)
  A sky beast (D:7)
  An ogre (D:7)
  A centaur (D:8)
  A phantom (D:4)
  4 scorpions
  A gnoll sergeant (D:6)
  A wight (D:8)
  Dowan (D:4)
  7 electric eels
  2 howler monkeys
  A hound (D:5)
  2 jellies
  A gnoll bouda (D:8)
  5 orc priests
  2 sleepcaps (D:4)
  5 iguanas
  9 orc wizards
  6 adders
  8 gnolls
  A river rat (D:5)
  A shadow imp (D:6)
  A white imp (D:5)
  3 worms
  2 dart slugs
  18 orcs
  5 ball pythons
  4 endoplasms
  4 giant cockroaches
  5 goblins
  4 hobgoblins
  2 jackals (D:5)
  7 kobolds
  2 quokkas (D:3)
  9 bats
  3 frilled lizards
  5 rats
  A butterfly (D:5)
149 creatures vanquished.

Vanquished Creatures (others)
  An orc priest (D:8)
  A gnoll (D:8)
2 creatures vanquished.

Grand Total: 151 creatures vanquished

Notes
Turn   | Place    | Note
-------+----------+-------------------------------------------
     0 | D:1      | innerfire43 the Demonspawn Monk began the quest for the
                  | Orb.
     0 | D:1      | Reached XP level 1. HP: 18/18 MP: 1/1
     0 | D:1      | Upgraded the game from 0.31-a0-358-gac0dbeb3ab to
                  | 0.31-a0-360-gb3e1d13bf4
   161 | D:1      | Gained mutation: You are partially covered in large bone
                  | plates. (SH +4) [demonic ancestry]
   161 | D:1      | Reached XP level 2. HP: 23/24 MP: 2/2
   605 | D:2      | Reached skill level 1 in Shapeshifting
   629 | D:2      | Gained mutation: You have large cloven feet. [demonic
                  | ancestry]
   629 | D:2      | Reached XP level 3. HP: 29/29 MP: 3/3
  1473 | D:3      | Found a transporter.
  1776 | D:3      | Found a transporter.
  1818 | D:3      | Found Heteeque's Antique Weapon Boutique.
  1823 | D:3      | Bought a pitted trident for 187 gold pieces
  1823 | D:3      | Identified the +5 trident "Spiderbane" {protect, rF+} (You
                  | bought it in a shop on level 3 of the Dungeon)
  2050 | D:3      | Gained mutation: You may rarely emit foul miasma when
                  | damaged in melee. [demonic ancestry]
  2050 | D:3      | Reached XP level 4. HP: 35/35 MP: 4/4
  2249 | D:3      | Reached skill level 1 in Unarmed Combat
  2249 | D:3      | Reached skill level 2 in Shapeshifting
  2259 | D:3      | Reached XP level 5. HP: 15/41 MP: 5/5
  2417 | D:4      | Noticed Dowan
  2421 | D:4      | Noticed Duvessa
  2432 | D:4      | Killed Duvessa
  2433 | D:4      | Reached skill level 3 in Shapeshifting
  2433 | D:4      | Reached XP level 6. HP: 21/47 MP: 6/6
  2436 | D:4      | Killed Dowan
  2715 | D:4      | Reached skill level 4 in Shapeshifting
  2778 | D:4      | Found a staircase to the Ecumenical Temple.
  2874 | D:4      | Reached XP level 7. HP: 52/52 MP: 7/7
  2914 | Temple   | Entered the Ecumenical Temple
  2949 | Temple   | Became a worshipper of Cheibriados the Contemplative
  2949 | Temple   | Reached * piety under Cheibriados
  2949 | Temple   | Reached ** piety under Cheibriados
  3261 | D:5      | Entered Level 5 of the Dungeon
  3286 | D:5      | Found an ancient bone altar of Kikubaaqudgha.
  3377 | D:5      | Noticed Sigmund
  3383 | D:5      | Killed Sigmund
  3388 | D:5      | Reached skill level 5 in Shapeshifting
  3493 | D:5      | Gained mutation: You are mostly covered in large bone
                  | plates. (SH +6) [demonic ancestry]
  3493 | D:5      | Reached XP level 8. HP: 31/58 MP: 8/8
  3496 | D:5      | Learned a level 2 spell: Blink
  3707 | D:5      | Found a glowing drain.
  4212 | D:5      | Found a shimmering altar of Xom.
  4402 | D:6      | Reached *** piety under Cheibriados
  4403 | D:6      | Reached skill level 6 in Shapeshifting
  4406 | D:6      | HP: 3/60 [poisoned by a water moccasin]
  4411 | D:6      | Reached skill level 5 in Unarmed Combat
  4750 | D:6      | Identified the +4 whip "Giant's Toothpick" {heavy, Str+3}
  5413 | D:6      | Gained mutation: You sometimes emit foul miasma when
                  | damaged in melee. [demonic ancestry]
  5413 | D:6      | Reached XP level 9. HP: 25/65 MP: 9/9
  5974 | D:7      | Reached **** piety under Cheibriados
  6097 | D:7      | Reached skill level 7 in Shapeshifting
  6346 | D:7      | Reached skill level 5 in Fighting
  6834 | D:8      | Reached skill level 5 in Polearms
  6850 | D:8      | HP: 1/66 [spore (6)]
  6850 | D:8      | Killed by an exploding gnoll... ignited by their inner
                  | flame

Illustrated notes

Levels and vault maps discovered:
D:1:      scummos_arrival_simple_crosswalls, layout_rooms
D:2:      layout_basic
D:3:      gammafunk_steamed_eel, layout_loops_corners, serial_shops, shop,
          minmay_gold_behind_fungi, dk_noncrumbling_3
D:4:      layout_loops_ring, minmay_temple_entry_butterflies, uniq_duvessa
D:5:      layout_loops_ring, xom_butterflies, mainiacjoe_overflow_24_doors,
          portal_sewer_entry_b, minmay_statues_item, uniq_sigmund
D:6:      layout_gridville
D:7:      layout_layer_cave, serial_bayou_lake_a
D:8:      layout_basic, mainiacjoe_overflow_paths, erik_lair_orcish_takeover
Temple:   bh_familiar_temple

Skill      XL: |  1  2  3  4  5  6  7  8  9 |
---------------+----------------------------+-----
Polearms       | 3 4 5 |  5.0
Dodging        | 3 |  3.1
Shapeshifting  | 1 2 3 4 5 6 7 |  7.2
Unarmed Combat | 1 2 3 4 5 |  5.9
Fighting       | 4 5 |  5.1

Action                     |  1- 3 |  4- 6 |  7- 9 || total
---------------------------+-------+-------+-------++-------
  Melee: Spear             |   128 |       |       ||   128
         Kick              |    14 |    28 |    59 ||   101
         Trident           |     8 |    68 |   204 ||   280
         Punch             |       |       |     5 ||     5
   Cast: Blink             |       |       |     1 ||     1
  Evoke: Wand              |       |     1 |       ||     1
    Use: Potion            |       |     5 |     5 ||    10
         Scroll            |       |     4 |     6 ||    10
   Stab: Sleeping          |       |     1 |     7 ||     8
         Distracted        |       |       |     1 ||     1
 Armour: Robe              |    20 |    15 |    23 ||    58
         Ring mail         |       |       |    32 ||    32
  Dodge: Dodged            |    45 |    31 |   110 ||   186
  Block: Orb               |    15 |     1 |       ||    16
         Other             |       |     4 |    63 ||    67
   Form: Beast             |       |     1 |       ||     1

Table legend: (Time is in decaauts)
 A = Elapsed time spent in this place.
 B = Non-inter-level travel time spent in this place.
 C = Inter-level travel time spent in this place.
 D = Time resting spent in this place.
 E = Time spent auto-exploring this place.
 F = Levels seen in this place.
 G = Mean time per level.
                   A        B        C        D        E       F      G
               +--------+--------+--------+--------+--------+-----+--------+
         Total |   8547 |   7757 |    790 |      0 |   6544 |   9 |  949.7 |
       Dungeon |   8476 |   7754 |    722 |      0 |   6544 |   8 | 1059.5 |
        Temple |     71 |      3 |     68 |      0 |      0 |   1 |   71.0 |
               +--------+--------+--------+--------+--------+-----+--------+

Top non-repeatable levels by time:
     D:6: 1851 daAuts
     D:7: 1707 daAuts
     D:5: 1522 daAuts
     D:3: 1178 daAuts
     D:4: 910 daAuts
     D:2: 714 daAuts
     D:1: 511 daAuts
     D:8: 81 daAuts
  Temple: 71 daAuts
